 Dungeon Crawl Stone Soup version 0.20-a0-502-g555d78b (webtiles) character file.

129 Amnesiac the Vexing (level 4, -6/30 HPs)
             Began as a Mummy Enchanter on Jan 20, 2017.
             Was an Initiate of Gozag.
             Killed from afar by Sigmund (9 damage)
             ... with a puff of flame
             ... on level 2 of the Dungeon.
             The game lasted 00:06:44 (2848 turns).

Amnesiac the Vexing (Mummy Enchanter)               Turns: 2848, Time: 00:06:45

Health: -6/30      AC:  6    Str: 11    XL:     4   Next: 88%
Magic:  2/8        EV: 10    Int: 15    God:    Gozag
Gold:   163        SH:  0    Dex: 12    Spells: 0/9 levels left

rFire    x . .     SeeInvis .   a - +1 dagger
rCold    + . .     Gourm    .   l - +0 ring mail
rNeg     + + +     Faith    .   (no shield)
rPois    ∞         Spirit   .   (no helmet)
rElec    .         Reflect  .   e - +0 cloak
rCorr    .         Harm     .   (no gloves)
MR       .....                  (no boots)
Stlth    ..........             (no amulet)
Regen    0.1/turn               (no ring)
                                (no ring)

@: confused, very slightly contaminated
A: no food or potions, fire vulnerability, cold resistance 1, negative energy
resistance 3, torment resistance, unbreathing
a: Potion Petition, Call Merchant, Bribe Branch, Renounce Religion


You were on level 2 of the Dungeon.
You worshipped Gozag.
Gozag was aware of your devotion.
You were not hungry.

You visited 2 branches of the dungeon, and saw 6 of its levels.

You collected 245 gold pieces.
You paid 82 gold pieces to Gozag.

Inventory:

Hand Weapons
 a - a +1 dagger (weapon)
Missiles
 h - 2 poisoned tomahawks (quivered)
 i - a throwing net
Armour
 b - a +0 robe
 e - a +0 cloak (worn)
 l - a +0 ring mail (worn)
Jewellery
 k - a cursed -2 ring of protection {unknown}
Scrolls
 d - 4 scrolls of enchant armour {unknown}
 f - 3 scrolls of identify {unknown}
 g - 4 scrolls of teleportation {unknown}
 j - 2 scrolls of amnesia {unknown}
 m - a scroll of remove curse {unknown}
 n - 2 scrolls of recharging {unknown}
 o - a scroll of fog {unknown}
Books
 c - a book of Maledictions

   Spells                             Type                      Level
   a - Corona                         Hexes                        1
   b - Ensorcelled Hibernation        Hexes/Ice                    2
   c - Confuse                        Hexes                        3
   d - Tukima's Dance                 Hexes                        3
   e - Dazzling Spray                 Conjuration/Hexes            3


   Skills:
 - Level 1.0 Short Blades
 - Level 1.5 Dodging
 - Level 2.4 Stealth
 - Level 3.0 Spellcasting
 + Level 5.0 Hexes


You couldn't memorise any spells.
You knew the following spells:

 Your Spells              Type           Power        Failure   Level  Hunger
e - Confuse               Hex            ###.....     21%         3    N/A
f - Corona                Hex            ###....      10%         1    N/A
w - Tukima's Dance        Hex            ###.....     21%         3    N/A
z - Ensorcelled Hibernat  Hex/Ice        #.....       30%         2    N/A

Dungeon Overview and Level Annotations

Branches:
Dungeon (5/15)             Temple (1/1) D:4

Altars:
Ashenzari
Cheibriados
Dithmenos
Elyvilon
Fedhas
Gozag
Hepliaklqana
Kikubaaqudgha
Makhleb
Nemelex Xobeh
Okawaru
Qazlal
Ru
Sif Muna
Uskayaw
Vehumet
Xom
Yredelemnul
Zin
The Shining One

Shops:
D:4 :

Annotations:
D:2 Sigmund
D:4 exclusion: ogre


Innate Abilities, Weirdness & Mutations

You do not eat or drink.
Your flesh is vulnerable to fire.
You are immune to poison.
Your flesh is cold resistant. (rC+)
You are immune to negative energy. (rN+++)
You are immune to unholy pain and torment.
You can survive without breathing.


Message History

You miscast Confuse.
You are very lightly contaminated with residual magic.
Your skin glows momentarily.
Sigmund points at you and mumbles some strange words.
The magic dart hits you!
* * * LOW HITPOINT WARNING * * *
Casting: Confuse
Confirm with . or Enter, or press ? or * to list all spells.
You don't have enough magic to cast that spell.
Sigmund closely misses you.
You see here 3 gold pieces.
Sigmund casts a spell at you.
You are confused.
You bump into the rock wall.
Sigmund casts a spell at you. You resist with some effort.
Sigmund casts a spell at you. The puff of flame hits you!
The fire burns you terribly!
You die...
Your body crumbles into a pile of gold.

...†..............# #......#
##.########.##....# #......#
#. ...........## #......# ..
####.#....# #......# ...
#.#....# #......## ###
#.#.#+## #.......#
.#######.#.#.###########.#####
...........@..................
#########.$..@##...######+##.#
#.######...# #.# #$# #....#
#.# ..$.....# .....## #.#
......### ......# ... ......
#......# #.# ....( [.......
..... ..... .# .... ..


You could see Sigmund.

Vanquished Creatures
  Terence (D:2)
  5 adders
  2 dart slugs (D:1)
  A leopard gecko (D:3)
  5 orcs (D:3)
  A bat (D:3)
  9 giant cockroaches
  3 goblins (D:1)
  6 hobgoblins
  4 jackals
  3 frilled lizards
  4 kobolds
  3 rats
47 creatures vanquished.

Notes
Turn   | Place    | Note
-------+----------+-------------------------------------------
     0 | D:1      | Amnesiac the Mummy Enchanter began the quest for the Orb.
     0 | D:1      | Reached XP level 1. HP: 13/13 MP: 4/4
    31 | D:1      | Reached skill level 1 in Short Blades
   238 | D:3      | Reached skill level 3 in Hexes
   343 | D:4      | Noticed an ogre
   364 | D:4      | Found Avock's Book Boutique.
   420 | D:4      | Found a staircase to the Ecumenical Temple.
   429 | Temple   | Entered the Ecumenical Temple
   643 | D:4      | Noticed a slave
   653 | D:5      | Entered Level 5 of the Dungeon
   746 | D:3      | Reached XP level 2. HP: 19/19 MP: 1/6
   750 | D:3      | Learned a level 2 spell: Ensorcelled Hibernation
   804 | D:3      | Found a radiant altar of Vehumet.
  1301 | D:3      | Reached XP level 3. HP: 24/24 MP: 0/7
  1306 | D:3      | Learned a level 3 spell: Confuse
  1426 | D:2      | Noticed Terence
  1449 | D:2      | Killed Terence
  1449 | D:2      | Reached skill level 4 in Hexes
  1505 | D:2      | Reached XP level 4. HP: 27/30 MP: 8/8
  1702 | D:2      | Found an opulent altar of Gozag.
  1702 | D:2      | Found an ancient bone altar of Kikubaaqudgha.
  1706 | D:2      | Became a worshipper of Gozag Ym Sagoz the Greedy
  2368 | D:2      | Noticed Sigmund
  2566 | D:1      | Reached skill level 5 in Hexes
  2687 | D:1      | Learned a level 3 spell: Tukima's Dance
  2848 | D:2      | Killed from afar by Sigmund

Vault maps used:
D:1:      scummos_arrival_star, kennysheep_boxes
D:2:      minmay_roachtagon, gammafunk_temple_overflow_elements, first_bread,
          uniq_terence, uniq_sigmund, uniq_natasha
D:3:      dk_noncrumbling_2, kennysheep_small_spiral, hangedman_decor_growths,
          minmay_misc_feat_doors, lemuel_tele_altar
D:4:      serial_shops, nicolae_shop_temple_entry_statues_fountains,
          uniq_duvessa, uniq_pikel
Temple:   dpeg_five_rooms_temple

Skill      XL: |  1  2  3  4 |
---------------+-------------+-----
Short Blades   | 1 |  1.0
Hexes          | 3 4 5 |  5.0
Spellcasting   | 3 |  3.0
Dodging        | |  1.5
Stealth        | |  2.4

Action                   |  1- 3 |  4- 6 || total
-------------------------+-------+-------++-------
Melee: Dagger            |    68 |   137 ||   205
Throw: Tomahawk          |     6 |     1 ||     7
 Cast: Corona            |    12 |       ||    12
       Ensorcelled Hiber |     8 |     9 ||    17
       Confuse           |       |     3 ||     3
       Tukima's Dance    |       |     1 ||     1
 Stab: Sleeping          |     9 |     6 ||    15
       Confused          |       |     1 ||     1
Armor: Ring mail         |    15 |    43 ||    58
       Robe              |     2 |       ||     2
Dodge: Dodged            |    41 |    69 ||   110
